 Dungeon Crawl Stone Soup version 0.31-a0-716-gc7603755dd (webtiles) character file.

Game seed: 168209322266240153

158 Ordine the Ruffian (level 5, 0/34 HPs)
             Began as an Octopode Shapeshifter on Sept 9, 2023.
             Slain by a gnoll
             ... wielding a +0 spear
              (6 damage)
             ... on level 4 of the Dungeon.
             The game lasted 00:04:40 (2452 turns).

Ordine the Ruffian (Octopode Shapeshifter)          Turns: 2452, Time: 00:04:41

Health: 0/34       AC:  1    Str: 15    XL:     5   Next: 39%
Magic:  5/5        EV: 13    Int: 13    God:
Gold:   234        SH:  0    Dex: 11    Spells: 4/4 levels left

rFire   . .          .
                       - Unarmed
rCold   . . .        (no shield)
rNeg    . . .        (helmet currently unavailable)
rPois   .            (no amulet)
rElec   .            (no ring)
rCorr   .            (no ring)
SInv    .            (no ring)
Will    .....        (no ring)
Stlth   +++          (no ring)
HPRegen 0.25/turn    (no ring)
MPRegen 0.09/turn    (no ring)
                     (no ring)

%: no passive effects
@: beast-form
A: beast (slay +2), almost no armour, amphibious, 8 rings, camouflage 1,
gelatinous body 1, (nimble swimmer 1), tentacles
a: Begin Untransformation


You were on level 4 of the Dungeon.
You were a hulking beast.
You visited 1 branch of the dungeon, and saw 4 of its levels.

You collected 234 gold pieces.

Inventory:

Talismans
 b - a beast talisman (active)
 c - a flux talisman
 m - a blade talisman
Scrolls
 d - 3 scrolls of identify {unknown}
 e - a scroll of fog {unknown}
 f - a scroll of poison {unknown}
 j - 2 scrolls of revelation {unknown}
 k - 2 scrolls of blinking {unknown}
 l - 2 scrolls of teleportation {unknown}
 n - a scroll of immolation {unknown}
Potions
 a - 2 potions of lignification
 g - 2 potions of brilliance {unknown}
 h - a potion of curing
 i - a potion of attraction {unknown}


   Skills:
 + Level 2.1 Fighting
 + Level 2.7 Dodging
 + Level 2.4 Stealth
 * Level 4.2 Unarmed Combat
 + Level 3.5 Shapeshifting


You had 4 spell levels left.
You didn't know any spells.
Your spell library contained the following spells:

 Spells                   Type           Power      Damage    Failure   Level
 Summon Small Mammal      Summ           0%         N/A       30%         1
 Static Discharge         Conj/Air       0%         2-2/arc   43%         2
 Call Canine Familiar     Summ           0%         N/A       67%         3
 Summon Guardian Golem    Hex/Summ       0%         N/A       67%         3
 Airstrike                Air            0%         2d(0-16)  97%         4
 Summon Lightning Spire   Summ/Air       0%         N/A       97%         4


Dungeon Overview and Level Annotations

Branches:
Dungeon (4/15)
 Temple: D:4-7

Altars:


Innate Abilities, Weirdness & Mutations

You are a hulking beast.
Your limbs bulge with bestial killing power. (Slay +2)
You cannot wear most types of armour.
You are amphibious.
You can wear up to eight rings at the same time.
Your skin changes colour to match your surroundings (Stealth+).
Your rubbery body absorbs attacks. (AC +1, EV +1)
((You are camouflaged when in or above water. (Stealth+)))
You have tentacles for arms and can constrict up to eight enemies at once.


Message History

You bludgeon the shadow imp! You tentacle-slap the shadow imp.
You kill the shadow imp!
HP restored.
You open the door.
There is an open door here.
g - 2 amethyst potions (gained 1)
An orc comes into view. It is wielding a +0 short sword.
A gnoll and an orc priest come into view. 2 gnolls and an orc wizard come into view.
The orc priest shouts!
You hear a shout!
The gnoll shouts! x2
The orc wizard casts a spell at you. You resist with some effort.
An orc priest comes into view. It is wielding a +0 club.
The orc priest casts a cantrip, but nothing happens.
You hear a shout!
You see here an adder corpse.
A gnoll is nearby!
There is a stone staircase leading down here.
You start waiting.
A gnoll is nearby!
The gnoll hits you from afar with a +0 spear.
The gnoll shouts!
The gnoll hits you with a +0 spear. x2
There is a stone staircase leading down, spattered with blood here.
You completely miss the gnoll. You grab the gnoll. You constrict the gnoll.
The gnoll hits you with a +0 spear! x2
* * * LOW HITPOINT WARNING * * *
You tentacle-slap the gnoll.
The gnoll is lightly wounded.
You constrict the gnoll, but do no damage.
The gnoll hits you with a +0 spear.
* * * LOW HITPOINT WARNING * * *
The gnoll closely misses you.
You feel better.
You constrict the gnoll. The gnoll hits you with a +0 spear.
* * * LOW HITPOINT WARNING * * *
The gnoll hits you with a +0 spear.
* * * LOW HITPOINT WARNING * * *
You release your grip on the gnoll.
The gnoll hits you from afar with a +0 spear.
You die...

..........# #.......#
..........# #.######..
..........#####.# #..#
................# ..
...........รท##### .#
...........)..######.#
...........##.g..gg..#
...........######>..####
...........# #.h......#
...........# #........#
..########.# #<.......#
..# #.# #.#+###### ..#
####.# #.# ..#
#.%..####.# ..#
#.........#
#######....#....#
.........#....#


You could see 2 gnolls.

Vanquished Creatures
  Jessica (D:2)
  5 adders
  A shadow imp (D:4)
  An ufetubus (D:4)
  3 worms
  A dart slug (D:1)
  An orc (D:3)
  5 endoplasms
  2 giant cockroaches
  4 goblins
  8 hobgoblins
  7 jackals
  4 quokkas
  2 ball pythons
  8 bats
  A frilled lizard (D:1)
  3 kobolds
  2 rats
59 creatures vanquished.

Notes
Turn   | Place    | Note
-------+----------+-------------------------------------------
     0 | D:1      | Ordine the Octopode Shapeshifter began the quest for the
                  | Orb.
     0 | D:1      | Reached XP level 1. HP: 13/13 MP: 1/1
   170 | D:1      | Reached XP level 2. HP: 15/18 MP: 2/2
   234 | D:1      | Found a faded altar of an unknown god.
   874 | D:2      | Noticed Jessica
   879 | D:2      | Killed Jessica
   880 | D:2      | Reached skill level 1 in Stealth
   880 | D:2      | Reached XP level 3. HP: 20/23 MP: 3/3
  1076 | D:2      | Reached XP level 4. HP: 20/29 MP: 4/4
  1904 | D:3      | Reached skill level 4 in Unarmed Combat
  1957 | D:3      | Reached XP level 5. HP: 34/34 MP: 5/5
  2452 | D:4      | Slain by a gnoll

Illustrated notes

Levels and vault maps discovered:
D:1:      dpeg_arrival_concentric_ovals, layout_loops_ring, serial_rivers,
          chequers_serial_rivers_large_a, chequers_serial_rivers_micro_d,
          chequers_serial_rivers_marsh, chequers_serial_rivers_small_b,
          chequers_serial_rivers_small_a, chequers_serial_rivers_room_b,
          basic_ecumenical_altar
D:2:      layout_rooms, minmay_misc_feat_hallway, st_stairs_7, uniq_jessica
D:3:      layout_basic, mrwooster_statue_mirror, minmay_pentomino_pile
D:4:      gammafunk_steamed_eel, layout_basic, mainiacjoe_overflow_big_doors,
          minmay_temple_entry_overgrown, uniq_sigmund

Skill      XL: |  1  2  3  4 |
---------------+-------------+-----
Stealth        | 1 2 |  2.4
Unarmed Combat | 4 |  4.2
Fighting       | 2 |  2.1
Dodging        | |  2.7
Shapeshifting  | |  3.5

Action                     |  1- 3 |  4- 6 || total
---------------------------+-------+-------++-------
  Melee: Unarmed           |    47 |    70 ||   117
         Constrict         |    15 |    19 ||    34
         Tentacles         |    12 |    11 ||    23
         Punch             |     2 |     3 ||     5
    Use: Potion            |       |     3 ||     3
   Stab: Sleeping          |     7 |    10 ||    17
         Distracted        |       |     1 ||     1
 Armour: Skin              |    16 |    44 ||    60
  Dodge: Dodged            |    24 |    52 ||    76

Table legend: (Time is in decaauts)
 A = Elapsed time spent in this place.
 B = Non-inter-level travel time spent in this place.
 C = Inter-level travel time spent in this place.
 D = Time resting spent in this place.
 E = Time spent auto-exploring this place.
 F = Levels seen in this place.
 G = Mean time per level.
                   A        B        C        D        E       F      G
               +--------+--------+--------+--------+--------+-----+--------+
         Total |   2444 |   2286 |    158 |     63 |   1842 |   4 |  611.0 |
       Dungeon |   2444 |   2286 |    158 |     63 |   1842 |   4 |  611.0 |
               +--------+--------+--------+--------+--------+-----+--------+

Top non-repeatable levels by time:
     D:1: 890 daAuts
     D:3: 652 daAuts
     D:2: 638 daAuts
     D:4: 263 daAuts
